 Dungeon Crawl Stone Soup version 0.24-a0-89-gce0dbf48b2 (webtiles) character file.

Game seed: 14524075450976238765

8 PotionSeller the Stinger (level 2, 14/22 HPs)
             Began as a Demonspawn Wanderer on Feb 8, 2019.
             Quit the game on level 1 of the Dungeon.
             The game lasted 00:01:28 (609 turns).

PotionSeller the Stinger (Demonspawn Wanderer)       Turns: 609, Time: 00:01:29

Health: 14/22      AC:  4    Str: 11    XL:     2   Next: 0%
Magic:  5/5        EV: 11    Int: 14    God:
Gold:   27         SH:  0    Dex: 12    Spells: 4/5 levels left

rFire    + . .     SeeInvis .   e - +0 dagger
rCold    . . .     Gourm    .   (no shield)
rNeg     . . .     Faith    .   d - +0 robe
rPois    .         Spirit   .   (no helmet)
rElec    .         Reflect  .   (no cloak)
rCorr    .         Harm     .   (no gloves)
MR       .....                  (no boots)
Stlth    +.........             b - amulet of inaccuracy (curse)
HPRegen  0.07/turn              c - ring of protection from fire
MPRegen  0.09/turn              (no ring)

@: very slightly contaminated
A: thin metallic scales 1
a: no special abilities


You were on level 1 of the Dungeon.
You were not hungry.

You visited 1 branch of the dungeon, and saw 1 of its levels.

You collected 27 gold pieces.

Inventory:

Hand Weapons
 e - a +0 dagger (weapon)
Armour
 a - a +0 shield
 d - a +0 robe (worn)
Jewellery
 b - a cursed amulet of inaccuracy (around neck)
 c - a ring of protection from fire (left hand)
Scrolls
 h - a scroll of blinking
Potions
 g - a potion of haste {unknown}
Comestibles
 f - a ration


   Skills:
 + Level 1.6 Fighting
 - Level 1.0 Throwing
 - Level 1.0 Shields
 - Level 2.0 Spellcasting
 - Level 2.0 Hexes
   Level 2.0 Summonings
   Level 2.0 Poison Magic


You had 4 spell levels left.
You knew the following spells:

 Your Spells              Type           Power        Failure   Level  Hunger
a - Confusing Touch       Hex            #.....       11%         1    ##.....

Your spell library contained the following spells:

 Spells                   Type           Power        Failure   Level  Hunger
 Passwall                 Tmut/Erth      #.......     34%         2    ###....
 Sticks to Snakes         Tmut           #.......     34%         2    ###....
 Portal Projectile        Hex/Tloc       #.....       43%         3    ####...


Dungeon Overview and Level Annotations

Branches:
Dungeon (1/15)

Altars:


Innate Abilities, Weirdness & Mutations

You are partially covered in thin metallic scales. (AC +2)


Message History

h - 2 scrolls labeled SEHI TA US KYN Blink to where?
Press: ? - help, Dir - move target cursor You are very lightly contaminated with residual magic.
As you read the scroll labeled SEHI TA US KYN, it crumbles to dust.
It was a scroll of blinking.
You miss the frilled lizard. The frilled lizard misses you.
You closely miss the frilled lizard. The frilled lizard bites you.
You miss the frilled lizard. The frilled lizard bites you.
You miss the frilled lizard. The frilled lizard barely misses you.
You miss the frilled lizard. The frilled lizard bites you.
You closely miss the frilled lizard. The frilled lizard bites you.
You miss the frilled lizard. The frilled lizard bites you.
You closely miss the frilled lizard. The frilled lizard closely misses you.
You hit the frilled lizard.
You kill the frilled lizard!
You have reached level 2!
Your demonic ancestry asserts itself...
Thin metallic scales grow over part of your body.
Are you sure you want to abandon this character and quit the game? (Confirm with "yes".)

### ##### #####.# #...#
#########.....##########...######
.......................'...'.....
#########.###.##########...####.#
............######## #...# #.#
.#..##††.###..@...$# #...# #.# #
#.....+.......# #...# #.#
.......#.......# #...# ##+#
..........#.###### #...# #...
+#........#.# #...# #...
..........#+# ##### #...
........... ########'# ##...
####....# #.# #.......###'#


There were no monsters in sight!

Vanquished Creatures
  A dart slug (D:1)
  2 bats (D:1)
  A giant cockroach (D:1)
  A frilled lizard (D:1)
  A goblin (D:1)
  A rat (D:1)
7 creatures vanquished.

Notes
Turn   | Place    | Note
-------+----------+-------------------------------------------
     0 | D:1      | PotionSeller the Demonspawn Wanderer began the quest for
                  | the Orb.
     0 | D:1      | PotionSeller set off with the following items: a +0 shield,
                  | a +0 robe, a +0 dagger, a ration; and the following spell
                  | memorised: Confusing Touch; and the following spells
                  | available to memorise: Passwall, Sticks to Snakes, Portal
                  | Projectile
     0 | D:1      | Reached XP level 1. HP: 13/13 MP: 3/3
   303 | D:1      | Reached skill level 1 in Fighting
   608 | D:1      | Gained mutation: You are partially covered in thin metallic
                  | scales. (AC +2) [demonic ancestry]
   608 | D:1      | Reached XP level 2. HP: 14/22 MP: 5/5
   609 | D:1      | Quit the game

Levels and vault maps discovered:
D:1:      evilmike_arrival_plus, layout_basic

Skill      XL: |  1 |
---------------+----+-----
Fighting       | 1 |  1.6
Throwing       | |  1.0
Shields        | |  1.0
Spellcasting   | |  2.0
Hexes          | |  2.0
Summonings     | |  2.0
Poison Magic   | |  2.0

Action                   || total
-------------------------++-------
Melee: Dagger            ||    49
 Cast: Confusing Touch   ||     3
  Use: Scroll            ||     1
 Stab: Confused          ||     4
Armor: Robe              ||    21
Dodge: Dodged            ||    40
Block: Shield            ||     9

Table legend:
 A = Non-vault XP
 B = Vault XP
 C = Vault XP percentage of total XP
 D = Non-vault monster count
 E = Vault monster count
 F = Vault count percentage of total count
                 A         B        C        D         E       F
            +---------+---------+-------+---------+---------+-------
      Total |      12 |       0 |   0.0 |       7 |       0 |   0.0
            +---------+---------+-------+---------+---------+-------
        D:1 |      12 |       0 |   0.0 |       7 |       0 |   0.0
            +---------+---------+-------+---------+---------+-------
